 Dungeon Crawl Stone Soup version 0.26-a0-667-g92642533e4 (webtiles) character file.

Game seed: 9875803372095363976

23 Radels the Firebug (level 2, 0/16 HPs)
             Began as a Deep Elf Fire Elementalist on Oct 16, 2020.
             Slain by Terence
             ... wielding a +0 mace
              (8 damage)
             ... on level 2 of the Dungeon.
             The game lasted 00:04:02 (1242 turns).

Radels the Firebug (Deep Elf Fire Elementalist)     Turns: 1242, Time: 00:04:04

Health: 0/16       AC:  2    Str:  5    XL:     2   Next: 72%
Magic:  4/8        EV: 13    Int: 19    God:
Gold:   123        SH:  0    Dex: 15    Spells: 6/7 levels left

rFire    . . .     SeeInvis .   (no weapon)
rCold    . . .     Faith    .   (no shield)
rNeg     . . .     Spirit   .   a - +0 robe
rPois    .         Reflect  .   (no helmet)
rElec    .         Harm     .   (no cloak)
rCorr    .         Rampage  .   (no gloves)
MR       .....                  (no boots)
Stlth    ++........             (no amulet)
HPRegen  0.05/turn              (no ring)
MPRegen  0.11/turn              (no ring)

@: no status effects
A: no striking features
a: no special abilities


You were on level 2 of the Dungeon.
You visited 1 branch of the dungeon, and saw 2 of its levels.

You collected 123 gold pieces.

Inventory:

Missiles
 g - 70 arrows
 l - 4 curare-tipped darts (quivered)
Armour
 a - a +0 robe (worn)
Scrolls
 d - 2 scrolls of amnesia {unknown}
 h - a scroll of identify {unknown}
 i - a scroll of teleportation {unknown}
 k - a scroll of remove curse {unknown}
Potions
 b - a potion of flight {unknown}
 c - a potion of degeneration {unknown}
 e - a potion of curing {unknown}
 f - 2 potions of heal wounds {unknown}
 j - a potion of might {unknown}
 m - a potion of invisibility {unknown}


   Skills:
 + Level 0.6 Fighting
 + Level 2.8 Dodging
 - Level 2.4 Stealth
 + Level 3.3 Spellcasting
 + Level 1.6 Conjurations
 + Level 3.5 Fire Magic


You had 6 spell levels left.
You knew the following spells:

 Your Spells              Type           Power        Failure   Level
a - Foxfire               Conj/Fire      ##..         4%          1

Your spell library contained the following spells:

 Spells                   Type           Power        Failure   Level
 Conjure Flame            Conj/Fire      ##......     16%         3
 Inner Flame              Hex/Fire       #.......     22%         3
 Sticky Flame             Conj/Fire      ##......     45%         4
 Fireball                 Conj/Fire      ##........   80%         5


Dungeon Overview and Level Annotations

Branches:
Dungeon (2/15)

Altars:

Annotations:
D:2 Terence


Message History

Terence is lightly wounded.
Terence closely misses you.
Casting: Foxfire (safe; 4% risk of failure)
Confirm with . or Enter, or press ? or * to list all spells.
You conjure some foxfire!
Terence hits you with a +0 mace!
Ouch! That really hurt!
The foxfire hits Terence but does no damage.
Terence is lightly wounded.
The foxfire hits Terence.
Terence is lightly wounded.
Casting: Foxfire (safe; 4% risk of failure)
Confirm with . or Enter, or press ? or * to list all spells.
You conjure some foxfire!
Terence barely misses you.
The foxfire hits Terence but does no damage.
Terence is lightly wounded.
The foxfire hits Terence but does no damage.
Terence is lightly wounded.
Terence hits you with a +0 mace!
Ouch! That really hurt!
You die...

###
#######.#
......@@#
#######.#
#.# #.# #.#
#.# #.######
#......# #
######.#####


You could see Terence.

Vanquished Creatures
  A worm (D:2)
  A hobgoblin (D:1)
  4 jackals (D:1)
  A quokka (D:2)
  4 bats (D:1)
  A frilled lizard (D:1)
  5 kobolds
  3 rats (D:1)
20 creatures vanquished.

Vanquished Creatures (others)
  66 foxfires
66 creatures vanquished.

Grand Total: 86 creatures vanquished

Notes
Turn   | Place    | Note
-------+----------+-------------------------------------------
     0 | D:1      | Radels the Deep Elf Fire Elementalist began the quest for
                  | the Orb.
     0 | D:1      | Reached XP level 1. HP: 10/10 MP: 6/6
   485 | D:1      | Reached XP level 2. HP: 12/16 MP: 4/8
  1230 | D:2      | Noticed Terence
  1242 | D:2      | Slain by Terence

Illustrated notes

Levels and vault maps discovered:
D:1:      minmay_arrival_nine_rooms, layout_basic
D:2:      layout_basic, riverfiend_overflow_shadow_ancestor,
          chequers_ecumenical_altar_island, minmay_misc_feat_tiny,
          minmay_door_square, kennysheep_generic_room_13, uniq_terence

Action                   || total
-------------------------++-------
 Cast: Foxfire           ||    43
Armor: Robe              ||     2
Dodge: Dodged            ||    22

Table legend: (Time is in decaauts)
 A = Elapsed time spent in this place.
 B = Non-inter-level travel time spent in this place.
 C = Inter-level travel time spent in this place.
 D = Time resting spent in this place.
 E = Time spent auto-exploring this place.
 F = Levels seen in this place.
 G = Mean time per level.
                   A        B        C        D        E       F      G
               +--------+--------+--------+--------+--------+-----+--------+
         Total |   1241 |   1228 |     13 |    497 |    534 |   2 |  620.5 |
       Dungeon |   1241 |   1228 |     13 |    497 |    534 |   2 |  620.5 |
               +--------+--------+--------+--------+--------+-----+--------+

Top non-repeatable levels by time:
     D:1: 1101 daAuts
     D:2: 140 daAuts
